Map: New Gettysburg LE

Players

Glow

  • Race: Protoss Protoss
  • League: Grandmaster

IIIIIIIIIIII (State) - Winner!

  • Race: Protoss Protoss
  • League: Grandmaster

VOD

Have the link to the VOD?

Description

Time

  • Played on: Aug. 4, 2016, 1:30 a.m.
  • Length: 6:13
Show
View Real Time Build Order
Export as new Build Order

Glow Protoss 

Build Orders:  

Get SALT Encoding   

  12  0:00  Probe (Chrono Boost)  
  13  0:11  Probe (Chrono Boost)  
  14  0:18  Pylon  
  14  0:22  Probe (Chrono Boost)  
  15  0:36  Probe (Chrono Boost)  
  15  0:37  Gateway  
  16  0:46  Probe (Chrono Boost)  
  16  0:47  Assimilator  
  17  0:51  Assimilator  
  18  0:57  Probe (Chrono Boost)  
  18  1:05  Gateway  
  18  1:08  Probe (Chrono Boost)  
  20  1:18  Probe (Chrono Boost)  
  20  1:23  Cybernetics Core  
  20  1:29  Probe (Chrono Boost)  
  21  1:39  Probe (Chrono Boost)  
  22  1:41  Pylon  
  22  1:50  Probe (Chrono Boost)  
  22  1:52  Warp Gate  
  23  2:00  Adept x2  
  27  2:02  Mothership Core (Chrono Boost)  
  29  2:12  Pylon  
  29  2:30  Stalker x2  
  33  2:40  Pylon  
  33  3:12  Nexus  
  30  3:30  Probe (Chrono Boost)  
  27  3:35  Twilight Council  
  27  3:37  Pylon  
  28  3:41  Probe (Chrono Boost)  
  28  3:52  Probe (Chrono Boost)  
  28  3:54  Sentry x2  
  33  4:01  Robotics Facility  
  33  4:02  Probe (Chrono Boost)  
  34  4:12  Dark Shrine  
  34  4:22  Gateway  
  34  4:25  Probe x2 (Chrono Boost)  
  31  4:41  Probe (Chrono Boost)  
  32  4:50  Probe (Chrono Boost)  
  32  4:52  Probe (Chrono Boost)  
  30  5:02  Probe (Chrono Boost)  
  28  5:24  Dark Templar x2  
  32  5:30  Probe (Chrono Boost)  
  30  5:41  Probe (Chrono Boost)  
Show
View Real Time Build Order
Export as new Build Order

IIIIIIIIIIII Protoss - Winner!

Build Orders: Oracle Opening 

Get SALT Encoding   

  12  0:01  Probe (Chrono Boost)  
  13  0:11  Probe (Chrono Boost)  
  14  0:18  Pylon  
  14  0:22  Probe (Chrono Boost)  
  15  0:36  Probe (Chrono Boost)  
  15  0:38  Gateway  
  16  0:45  Assimilator  
  16  0:47  Probe (Chrono Boost)  
  17  0:53  Assimilator  
  17  0:58  Probe (Chrono Boost)  
  18  1:08  Probe (Chrono Boost)  
  18  1:10  Gateway  
  19  1:19  Probe (Chrono Boost)  
  20  1:27  Cybernetics Core  
  20  1:29  Probe (Chrono Boost)  
  21  1:34  Pylon  
  22  1:40  Probe (Chrono Boost)  
  22  1:50  Probe (Chrono Boost)  
  23  1:55  Warp Gate  
  23  2:04  Mothership Core (Chrono Boost), Adept x2  
  29  2:09  Pylon  
  29  2:29  Stargate  
  29  2:33  Probe (Chrono Boost)  
  29  2:36  Pylon  
  30  2:39  Stalker  
  32  2:46  Stalker  
  34  3:16  Probe (Chrono Boost)  
  34  3:20  Oracle  
  32  3:28  Probe (Chrono Boost)  
  29  3:37  Nexus  
  29  3:40  Probe (Chrono Boost)  
  30  3:51  Oracle  
  30  3:52  Probe (Chrono Boost)  
  35  4:04  Probe (Chrono Boost)  
  35  4:12  Robotics Facility  
  35  4:16  Probe (Chrono Boost)  
  36  4:28  Probe (Chrono Boost)  
  37  4:31  Oracle  
  40  4:40  Probe (Chrono Boost)  
  38  4:49  Probe (Chrono Boost)  
  40  4:52  Probe (Chrono Boost)  
  40  5:00  Probe (Chrono Boost)  
  40  5:05  Probe (Chrono Boost)  
  42  5:11  Assimilator  
  42  5:12  Immortal  
  42  5:13  Assimilator  
  46  5:15  Pylon  
  46  5:20  Twilight Council  
  47  5:21  Probe (Chrono Boost)  
  47  5:22  Probe (Chrono Boost)  
  48  5:31  Forge  
  48  5:33  Probe (Chrono Boost)  
  48  5:34  Probe (Chrono Boost)  
  50  5:45  Probe (Chrono Boost)  
  50  5:47  Probe (Chrono Boost)  
  50  5:48  Observer  
  52  5:55  Sentry  
  56  5:57  Probe (Chrono Boost)  
Tags
 
Add a new tag
Caveats
  • Supply blocks, unpowered buildings, or Contaminate may cause inaccurate times.
  • Supply counts are checked every 10 seconds.